 Dungeon Crawl Stone Soup version 0.20-a0-494-gf50ee04 (webtiles) character file.

63 M4edhros the Sneak (level 4, 0/28 HPs)
             Began as an Octopode Artificer on Jan 17, 2017.
             Succumbed to a worker ant's poison
             ... in the Ecumenical Temple.
             The game lasted 00:01:44 (1317 turns).

M4edhros the Sneak (Octopode Artificer)             Turns: 1317, Time: 00:01:44

Health: 0/28       AC:  1    Str: 11    XL:     4   Next: 10%
Magic:  6/6        EV: 13    Int: 13    God:
Gold:   42         SH:  0    Dex: 13    Spells: 3/3 levels left

rFire    + . .     SeeInvis .   j - +0 short sword (curse)
rCold    + . .     Gourm    .   (no shield)
rNeg     . . .     Faith    .   (helmet restricted)
rPois    +         Spirit   .   (no amulet)
rElec    +         Reflect  .   (no ring)
rCorr    +         Harm     .   (no ring)
MR       .....                  (no ring)
Stlth    ++++......             (no ring)
Regen    0.1/turn               (no ring)
                                (no ring)
                                (no ring)
                                (no ring)

@: lethally poisoned (0 -> -2), resistant
A: almost no armour, stealthy swim, amphibious, 8 rings, constrict 8, camouflage
1, gelatinous body 1
a: no special abilities


You were in the Ecumenical Temple.
You were not hungry.

You visited 2 branches of the dungeon, and saw 5 of its levels.

You collected 42 gold pieces.

Inventory:

Hand Weapons
 a - a +0 short sword
 g - a +0 dagger
 j - a cursed +0 short sword (weapon)
Missiles
 p - 17 stones (quivered)
Wands
 b - a wand of flame (14/48)
 c - a wand of enslavement (11/24)
 d - a wand of random effects (14/48)
Scrolls
 e - 5 scrolls of identify {unknown}
 i - a scroll of enchant armour {unknown}
 l - a scroll of teleportation {unknown}
 o - a scroll of blinking {unknown}
Potions
 q - a potion of cure mutation
Comestibles
 f - 3 bread rations
 h - 4 fruits
 k - a beef jerky
 m - 2 chunks of flesh


   Skills:
 - Level 1.0 Fighting
 - Level 1.0 Short Blades
 - Level 2.0 Dodging
 + Level 5.5 Stealth
 - Level 3.2 Evocations


You had 3 spell levels left.
You didn't know any spells.

Dungeon Overview and Level Annotations

Branches:
Dungeon (4/15)             Temple (1/1) D:4

Altars:
Cheibriados
Dithmenos
Kikubaaqudgha
Qazlal
Uskayaw
Xom
Yredelemnul

Annotations:
D:4 lupus83's ghost, amateur MiBe


Innate Abilities, Weirdness & Mutations

You cannot wear most types of armour.
You are very stealthy in the water. (Stealth+)
You are amphibious.
You can wear up to eight rings at the same time.
You can use your tentacles to constrict eight enemies at once.
Your skin changes colour to match your surroundings (Stealth+).
Your rubbery body absorbs attacks. (AC +1, EV +1)


Message History

r - Retreat! s - Stop attacking. g - Guard the area. f - Follow me.
Anything else - Cancel.
Guard this area!
* * * LOW HITPOINT WARNING * * *
You feel sick.
* * * LOW HITPOINT WARNING * * *
You feel sick.
There is a staircase to the Ecumenical Temple here.
You climb downwards.
Welcome to the Ecumenical Temple!
Found a stormy altar of Qazlal and a shadowy altar of Dithmenos.
There is a staircase back to the Dungeon here.
* * * LOW HITPOINT WARNING * * *
You feel sick.
Found a basalt altar of Yredelemnul.
* * * LOW HITPOINT WARNING * * *
You feel sick.
Found two altars.
Found a hide-covered altar of Uskayaw.
You die...

#######≈≈≈.......≈≈≈#
≈≈≈≈≈≈≈≈≈.._...≈≈≈≈≈≈
.....≈≈≈.....≈≈≈≈≈≈≈≈
._..≈≈≈≈....≈≈≈≈≈....
.....≈≈≈....≈........
......≈≈≈........≈≈≈≈
≈≈......≈≈≈.........≈
≈≈≈≈≈........<.......
.≈≈≈≈≈≈..@......≈≈≈..
.._.≈≈≈≈≈≈........≈≈≈
..............≈....≈≈
..........≈≈≈≈≈....≈≈
.._..≈≈≈≈≈≈≈≈≈.....≈≈
≈≈≈≈≈≈≈≈≈≈≈≈..._..≈≈≈
#######≈≈≈.......≈≈≈#
##≈≈≈.._..≈


There were no monsters in sight!

Vanquished Creatures
  A worker ant (D:4)
  2 adders (D:3)
  A leopard gecko (D:4)
  An orc (D:3)
  2 bats
  2 giant cockroaches
  2 goblins
  2 hobgoblins (D:1)
  2 quokkas (D:2)
  2 frilled lizards
  2 kobolds
  3 rats (D:3)
22 creatures vanquished.

Notes
Turn   | Place    | Note
-------+----------+-------------------------------------------
     0 | D:1      | M4edhros the Octopode Artificer began the quest for the Orb.
     0 | D:1      | Reached XP level 1. HP: 13/13 MP: 3/3
    46 | D:1      | Reached skill level 2 in Stealth
   635 | D:2      | Reached skill level 3 in Stealth
   635 | D:2      | Reached XP level 2. HP: 18/18 MP: 4/4
   866 | D:2      | You fall through a shaft!
  1023 | D:3      | Reached skill level 4 in Stealth
  1023 | D:3      | Reached XP level 3. HP: 20/23 MP: 5/5
  1104 | D:4      | Reached skill level 5 in Stealth
  1104 | D:4      | Reached XP level 4. HP: 9/28 MP: 6/6
  1142 | D:4      | Noticed lupus83's ghost (amateur MiBe)
  1261 | D:4      | Noticed an ogre
  1265 | D:4      | Found a staircase to the Ecumenical Temple.
  1308 | Temple   | Entered the Ecumenical Temple
  1313 | Temple   | HP: 1/28 [poisoned by a worker ant]
  1317 | Temple   | Succumbed to a worker ant's poison

Vault maps used:
D:1:      lemuel_arrival_broad_hall
D:2:      lemuel_round_altar
D:3:      small_statue_intersection, corexii_shack, nemelex_diamond_rough_becter
D:4:      nemelex_xobeh_ov_fountains_minmay, first_bread, uniq_sigmund
Temple:   hc_temple_tempest_star

Skill      XL: |  1  2  3 |
---------------+----------+-----
Stealth        | 3 4 5 |  5.5
Fighting       | |  1.0
Short Blades   | |  1.0
Dodging        | |  2.0
Evocations     | |  3.2

Action                   |  1- 3 |  4- 6 || total
-------------------------+-------+-------++-------
Melee: Dagger            |    11 |       ||    11
       Short sword       |    38 |     5 ||    43
       Constrict         |    15 |     1 ||    16
       Tentacles         |     7 |       ||     7
Evoke: Wand              |     3 |     3 ||     6
  Use: Potion            |       |     2 ||     2
 Stab: Sleeping          |     6 |       ||     6
  Eat: Chunk             |     1 |       ||     1
Armor: Skin              |     2 |       ||     2
Dodge: Dodged            |    28 |     8 ||    36
